 Dungeon Crawl Stone Soup version 0.27-a0-1139-g28e009f8a6 (webtiles) character file.

Game seed: 10950718311627606557

84 Ijustatesigmund the Skirmisher (level 4, 0/49 HPs)
             Began as an Octopode Fighter on May 7, 2021.
             Slain by a ball python (2 damage)
             ... on level 2 of the Dungeon.
             The game lasted 00:03:35 (1647 turns).

Ijustatesigmund the Skirmisher (Octopode Fighter)   Turns: 1647, Time: 00:03:36

Health: 0/49       AC: 22    Str: 15    XL:     4   Next: 45%
Magic:  4/4        EV: -1    Int: 10    God:
Gold:   61         SH:  9    Dex: 12    Spells: 2/3 levels left

rFire    . . .     SeeInvis +   e - +2 spear (vamp)
rCold    . . .     Faith    .   b - +1 kite shield
rNeg     + + +     Spirit   .   (helmet currently unavailable)
rPois    +         Reflect  .   (no amulet)
rElec    .         Harm     .   k - ring of see invisible
rCorr    .         Rampage  .   (no ring)
Will     .....     NoTele   +   (no ring)
Stlth    +.........             (no ring)
HPRegen  0.16/turn              (no ring)
MPRegen  0.09/turn              (no ring)
                                (no ring)
                                (no ring)

@: mighty, tree-form, attractive, constricted
A: stationary, stasis, torment immunity, boosted hp, almost no armour,
(amphibious), 8 rings, (camouflage 1), (gelatinous body 1), (nimble swimmer 1),
(tentacles)
a: no special abilities


You were on level 2 of the Dungeon.
You were a tree.
You visited 1 branch of the dungeon, and saw 2 of its levels.

You collected 61 gold pieces.

Inventory:

Hand Weapons
 a - a +0 war axe
 e - a +2 vampiric spear (weapon)
Armour
 b - a +1 kite shield (worn)
Jewellery
 k - a ring of see invisible (left branch)
Potions
 c - a potion of might
 d - a potion of brilliance
 j - a potion of attraction


   Skills:
 + Level 3.8 Fighting
 + Level 3.3(3.5) Axes
 + Level 1.7(2.8) Polearms
 - Level 3.0 Dodging
 - Level 3.0 Shields


You had 2 spell levels left.
You knew the following spells:

 Your Spells              Type           Power      Damage    Failure   Level
a - Magic Dart            Conj           0%         1d3       87%         1

Your spell library contained the following spells:

 Spells                   Type           Power      Damage    Failure   Level
 Blink                    Tloc           N/A        N/A       95%         2
 Call Imp                 Summ           0%         N/A       95%         2
 Slow                     Hex            0%         N/A       95%         2
 Conjure Flame            Conj/Fire      0%         6-21      99%         3
 Mephitic Cloud           Conj/Pois/Air  0%         N/A       99%         3


Dungeon Overview and Level Annotations

Branches:
Dungeon (2/15)

Altars:


Innate Abilities, Weirdness & Mutations

You are a tree.
Your roots penetrate the ground, keeping you stationary.
You cannot be teleported.
You are immune to unholy pain and torment.
Your maximum health is greatly increased.
Your equipment is partially melded.
You cannot wear most types of armour.
((You are amphibious.))
You can wear up to eight rings at the same time.
((Your skin changes colour to match your surroundings (Stealth+).))
((Your rubbery body absorbs attacks. (AC +1, EV +1)))
((You are camouflaged near water. (Stealth+)))
((You have tentacles for arms and can constrict up to eight enemies at once.))


Message History

The ball python constricts you. The gnoll hits you but does no damage.
The gnoll hits you with a +0 halberd.
* * * LOW HITPOINT WARNING * * *
The hobgoblin hits you but does no damage.
The gnoll hits you with a +0 whip.
* * * LOW HITPOINT WARNING * * *
You puncture the gnoll!
The gnoll is almost dead.
The ball python bites you but does no damage.
The ball python constricts you.
The gnoll hits you but does no damage. x2
The hobgoblin hits you but does no damage.
The gnoll hits you with a +0 whip.
* * * LOW HITPOINT WARNING * * *
The ball python bites you but does no damage.
The ball python constricts you.
You puncture the gnoll!
You feel better.
You kill the gnoll!
You block the gnoll's attack. The ball python bites you.
* * * LOW HITPOINT WARNING * * *
The ball python constricts you. You block the hobgoblin's attack.
The gnoll hits you but does no damage.
You puncture the hobgoblin!
You kill the hobgoblin!
You block the gnoll's attack.
The ball python bites you but does no damage.
The ball python constricts you. You block the gnoll's attack.
The gnoll hits you but does no damage.
The ball python bites you but does no damage.
* * * LOW HITPOINT WARNING * * *
The ball python constricts you.
You barely miss the gnoll.
The gnoll is heavily wounded.
The gnoll hits you with a +0 whip.
* * * LOW HITPOINT WARNING * * *
The ball python bites you but does no damage.
The ball python constricts you. The gnoll hits you but does no damage.
You puncture the gnoll!
You kill the gnoll!
The ball python bites you.
You die...

#..............# ..............
###....#........
................
#...##.#......##...............
........................
.................##.....
...>.............##...[.
....#........#..........
......g†.....#....######
......)♣.............###
......S).............#..
.....................#..
.....................#..
####+#######+#####......
##.....###S.^..###......
###.....###.....##......
.###.....###.....#......
#......


You could see a gnoll, an adder and a ball python.

Vanquished Creatures
  3 gnolls (D:2)
  An adder (D:2)
  A worm (D:2)
  8 ball pythons
  8 endoplasms
  2 giant cockroaches
  3 goblins
  7 hobgoblins
  3 quokkas
  4 bats
  A frilled lizard (D:1)
  6 kobolds
  4 rats
51 creatures vanquished.

Notes
Turn   | Place    | Note
-------+----------+-------------------------------------------
     0 | D:1      | Ijustatesigmund the Octopode Fighter began the quest for
                  | the Orb.
     0 | D:1      | Reached XP level 1. HP: 16/16 MP: 1/1
   171 | D:1      | Reached XP level 2. HP: 5/21 MP: 2/2
   406 | D:1      | Learned a level 1 spell: Magic Dart
   775 | D:1      | Reached XP level 3. HP: 26/26 MP: 3/3
  1310 | D:2      | Reached skill level 1 in Polearms
  1495 | D:2      | Reached XP level 4. HP: 25/33 MP: 4/4
  1646 | D:2      | HP: 1/49 [gnoll/+0 whip (2)]
  1647 | D:2      | Slain by a ball python

Illustrated notes

Levels and vault maps discovered:
D:1:      lemuel_arrival_lava_pool, layout_basic
D:2:      layout_basic, st_stairs_1, minmay_quadrilaterals

Skill      XL: |  1  2  3 |
---------------+----------+-----
Polearms       | 1 |  1.7
Axes           | 3 |  3.3
Fighting       | |  3.8
Dodging        | |  3.0
Shields        | |  3.0

Action                   |  1- 3 |  4- 6 || total
-------------------------+-------+-------++-------
Melee: War axe           |    15 |       ||    15
       Constrict         |    16 |     4 ||    20
       Tentacles         |    14 |     1 ||    15
       Spear             |    78 |    14 ||    92
  Use: Scroll            |     4 |     1 ||     5
       Potion            |       |     3 ||     3
 Stab: Sleeping          |     8 |       ||     8
Armor: Skin              |     4 |    19 ||    23
Dodge: Dodged            |    20 |     5 ||    25
Block: Kite shield       |    17 |    20 ||    37

Table legend: (Time is in decaauts)
 A = Elapsed time spent in this place.
 B = Non-inter-level travel time spent in this place.
 C = Inter-level travel time spent in this place.
 D = Time resting spent in this place.
 E = Time spent auto-exploring this place.
 F = Levels seen in this place.
 G = Mean time per level.
                   A        B        C        D        E       F      G
               +--------+--------+--------+--------+--------+-----+--------+
         Total |   1676 |   1647 |     29 |    228 |   1118 |   2 |  838.0 |
       Dungeon |   1676 |   1647 |     29 |    228 |   1118 |   2 |  838.0 |
               +--------+--------+--------+--------+--------+-----+--------+

Top non-repeatable levels by time:
     D:1: 1277 daAuts
     D:2: 399 daAuts
